 Dungeon Crawl Stone Soup version 0.16-a0-3667-g690a316 (webtiles) character file.

58 MuadDib the Ruffian (level 3, 0/43 HPs)
             Began as a Bearkin Berserker on July 17, 2015.
             Was a Believer of Trog.
             Slain by Crazy Yiuf
             ... wielding a +3 quarterstaff of chaos
              (12 damage)
             ... on level 2 of the Dungeon.
             The game lasted 00:08:07 (2059 turns).

MuadDib the Ruffian (Bearkin Berserker)             Turns: 2059, Time: 00:08:07

Health: 0/43       AC:  3    Str: 26    XL:     3   Next: 75%
Magic:  3/3        EV: 11    Int:  6    God:    Trog [**....]
Gold:   74         SH:  0    Dex: 10    Spells: 0 memorised, 2 levels left

rFire  . . .     SeeInvis .       - Unarmed
rCold  . . .     Clarity  .     b - +0 animal skin
rNeg   . . .     SustAb   .     (no shield)
rPois  .         Gourm    .     (no helmet)
rElec  .         Spirit   .     (no cloak)
rCorr  .         Warding  .     (no gloves)
rMut   .         Stasis   .     (no boots)
MR     .....                    (no amulet)
Stlth  ..........               (no ring)
                                (no ring)

@: berserking, lethally poisoned, drained, very quick, not resistant to hostile
enchantments, extremely unstealthy
A: claws 1, shaggy fur 1, hind claws 1, cornered berserk
a: Cornered Berserk, Burn Spellbooks, Berserk, Trog's Hand, Renounce Religion


You were on level 2 of the Dungeon.
You worshipped Trog.
Trog was pleased with you.
You were not hungry.

You visited 1 branch of the dungeon, and saw 2 of its levels.

You collected 74 gold pieces.

Inventory:

Armour
 b - a +0 animal skin (worn)
 i - a +0 cloak
Scrolls
 c - 2 scrolls of teleportation {unknown}
 d - 2 scrolls of recharging {unknown}
 e - a scroll of immolation {unknown}
 f - a scroll of remove curse {unknown}
 g - 2 scrolls of enchant armour {unknown}
 h - a scroll of amnesia {unknown}
 m - 2 scrolls of identify {unknown}
Potions
 j - 2 potions of poison {unknown}
Comestibles
 k - a meat ration


   Skills:
 - Level 3.0(2.7) Fighting
 - Level 1.2(0.9) Armour
 - Level 1.5(1.2) Dodging
 + Level 0.1(0.0) Stealth
 + Level 4.7(4.4) Unarmed Combat


You had 2 spell levels left.
You didn't know any spells.

Dungeon Overview and Level Annotations

Branches:
Dungeon (2/15)

Altars:
Ashenzari
Cheibriados
Ru
Zin

Annotations:
D:2 Crazy Yiuf


Innate Abilities, Weirdness & Mutations

You have sharp fingernails.
You are covered in fur (AC +1).
Your hind legs have claws.
You can berserk when greatly wounded.


Message History

Use which ability? (? or * to list)
A red film seems to cover your vision as you go berserk!
You feel yourself moving faster!
You feel mighty!
You feel somewhat more hungry.
You feel sick.
Crazy Yiuf hits you with a quarterstaff of chaos.
Crazy Yiuf freezes you.
You closely miss Crazy Yiuf.
Your hind claws misses Crazy Yiuf.
Crazy Yiuf hits you with a quarterstaff of chaos.
You feel drained.
You claw Crazy Yiuf!
Crazy Yiuf begins to bleed from his wounds!
You claw Crazy Yiuf.
Crazy Yiuf is heavily wounded.
You feel sick.
You closely miss Crazy Yiuf.
Crazy Yiuf is heavily wounded.
Crazy Yiuf hits you with a quarterstaff of chaos.
* * * LOW HITPOINT WARNING * * *
You are electrocuted!
You die...

###### ######♣♣♣♣♣
.....#######.##.@..♣.♣♣♣
.....#....##.....g..♣.g♣
.....#....##.......♣♣♣♣.....#
#............#....♣♣ #..)#
.............####♣♣ ###
...^.........# ####......##.#
#......##.# ########
###......##.# #......#


You could see Crazy Yiuf (bleeding).

Vanquished Creatures
  An adder (D:2)
  A worm (D:2)
  2 giant geckos
  3 bats
  A giant cockroach (D:1)
  4 goblins
  7 hobgoblins (D:2)
  5 kobolds
  A quokka (D:2)
  2 giant newts (D:2)
  2 jackals (D:2)
  9 rats
38 creatures vanquished.

Notes
Turn   | Place    | Note
--------------------------------------------------------------
     0 | D:1      | MuadDib, the Bearkin Berserker, began the quest for the Orb.
     0 | D:1      | Reached XP level 1. HP: 18/18 MP: 1/1
   264 | D:1      | Reached XP level 2. HP: 17/24 MP: 2/2
   834 | D:2      | Found a shattered altar of Ashenzari.
   843 | D:2      | Reached skill level 4 in Unarmed Combat
  1196 | D:2      | Reached XP level 3. HP: 22/29 MP: 3/3
  1205 | D:2      | Found a sacrificial altar of Ru.
  1206 | D:2      | Found a snail-covered altar of Cheibriados.
  1206 | D:2      | Found a glowing silver altar of Zin.
  1288 | D:2      | Acquired Trog's second power
  1819 | D:2      | Noticed Crazy Yiuf
  2059 | D:2      | Slain by Crazy Yiuf

Action                   || total
-------------------------++-------
Melee: Unarmed           ||   107
Invok: Berserk           ||     2
  Use: Potion            ||     1
  Eat: Bread ration      ||     1
       Pizza             ||     1
